cohdb
Replays
Latest Replays
All Replays
Popular Replays
Top Player Replays
Match Explorer
How It Works
Community
CoH3 Stats
Reddit
Sign in to upload your games and track your stats! →
Sign in with Steam
Match 43973177
Unlisted
Match 43973177
Overview
Messages
Build Orders
End
Pioneer Squad
Construct Infanterie Kompanie
MG 42 Machine Gun Team
Selects Breakthrough Battlegroup
Selects Assault Grenadiers
Grenadier Squad
Grenadier Squad
Construct Panzergrenadier Kompanie
Selects Smoke Bombing Run
Smoke Bombing Run
Panzergrenadier Officer Quarters
Medical Bunker
Selects Mechanized Assault Group
Mechanized Assault Group
Gatom
Armordillo
Stratego
Bazonga97✠
Frankenfreund
Lukyboom
0
0
Comments
sign in to comment!
No comments posted yet!